AoeStats
← UF_KILL

MegaRandom

505583493Analyzed
2v2 RM · 22d ago on Sep 10, 2026· 78m 9s· 4 players
Game mode
Random Map
Map size
Medium (4 player)
Population
200
Speed
Normal
Resources
Standard
Victory
Conquest
Starting age
Dark Age
Ending age
Imperial Age
RankedLock teamsTeams togetherTeam positionsShared explorationLock speedFull tech treeHidden civsTurbo modeCheats
Victory
Defeat
🇦🇷 Huns · Argentina
419
+20
🇦🇷 Vietnamese · Argentina
417
+20
🇺🇸 Bohemians · United States
558
-21
🇧🇷 Britons · Brazil
474
-19
KidIrish
4:46 Loom
13:02 Feudal Age
17:52 Double-Bit Axe
17:56 Town Watch
19:30 Forging
19:21 Scale Mail Armor
20:46 Fletching
21:02 Scale Barding Armor
21:39 Wheelbarrow
22:39 Fishing Lines
22:54 Horse Collar
30:15 Castle Age
31:37 Squires
31:23 Arson
32:31 Coinage
32:19 Bow Saw
33:07 Husbandry
33:46 Gillnets
34:47 Siphons
35:03 Ballistics
38:35 Fortified Wall
38:43 Bodkin Arrow
41:48 Guard Tower
42:16 Heavy Plow
44:51 Chemistry
46:03 Careening
45:50 Murder Holes
46:07 Clinker Construction
46:42 Caravan
47:41 Wagenburg Tactics
51:06 Imperial Age
49:20 Hand Cart
49:40 Masonry
50:15 Town Patrol
53:46 Incendiaries
54:07 Architecture
54:20 Banking
54:01 Guilds
57:02 Conscription
59:13 Bracer
59:49 Iron Casting
59:36 Chain Barding Armor
59:32 Chain Mail Armor
67:22 Plate Mail Armor
67:53 Blast Furnace
67:10 Houfnice
68:16 Arrowslits
68:36 Siege Engineers
68:54 Bombard Tower
68:17 Treadmill Crane
70:05 Keep
UF_KILL
15:57 Feudal Age
16:35 Fishing Lines
16:41 Horse Collar
16:50 Double-Bit Axe
16:58 Gold Mining
16:59 Stone Mining
19:26 Wheelbarrow
22:21 Man-at-Arms
22:47 Arson
26:55 Forging
26:36 Fletching
26:47 Padded Archer Armor
26:48 Scale Mail Armor
29:11 Castle Age
31:55 Bow Saw
31:48 Heavy Plow
32:28 Gold Shaft Mining
31:17 Long Swordsman
31:18 Pikeman
31:58 Squires
31:44 Gambesons
31:22 Crossbowman
31:23 Elite Skirmisher
33:31 Hand Cart
34:04 Iron Casting
33:44 Chain Mail Armor
33:45 Leather Archer Armor
34:25 Caravan
35:05 Bodkin Arrow
38:11 Ballistics
38:03 Fortified Wall
37:49 Murder Holes
38:05 Masonry
37:46 Guard Tower
40:20 Coinage
43:00 Imperial Age
43:04 Yeomen
44:08 Two-Handed Swordsman
44:09 Halberdier
44:12 Arbalester
45:24 Bracer
46:23 Elite Longbowman
47:33 Champion
49:21 Chemistry
48:08 Arrowslits
48:59 Keep
48:55 Architecture
50:12 Two-Man Saw
50:26 Blast Furnace
50:26 Warwolf
52:35 Ring Archer Armor
52:36 Plate Mail Armor
Vikingo7256
0:36 Loom
11:04 Feudal Age
11:35 Double-Bit Axe
13:58 Town Watch
17:33 Wheelbarrow
16:40 Horse Collar
18:46 Arson
22:52 Gold Mining
22:54 Stone Mining
29:19 Castle Age
29:06 Scale Barding Armor
29:13 Forging
31:11 Town Patrol
33:11 Caravan
34:19 Hand Cart
37:15 Marauders
39:06 Gold Shaft Mining
38:36 Heavy Plow
38:57 Bow Saw
42:58 Imperial Age
43:11 Elite Tarkan
44:17 Conscription
44:56 Guilds
45:17 Coinage
48:39 Two-Man Saw
47:35 Capped Ram
51:22 Parthian Tactics
51:01 Husbandry
51:12 Bloodlines
51:56 Thumb Ring
51:16 Crossbowman
51:20 Elite Skirmisher
52:33 Chain Barding Armor
52:49 Iron Casting
52:33 Padded Archer Armor
52:34 Scale Mail Armor
52:25 Fletching
55:18 Plate Barding Armor
55:44 Blast Furnace
56:39 Siege Ram
58:54 Heavy Cavalry Archer
64:31 Chain Mail Armor
64:31 Leather Archer Armor
64:12 Bodkin Arrow
78:41 Bracer
tomischmidd
10:46 Feudal Age
11:13 Double-Bit Axe
17:23 Bloodlines
17:07 Horse Collar
33:28 Castle Age
33:42 Gold Mining
36:18 Wheelbarrow
35:53 Elite Skirmisher
38:51 Fletching
39:26 Ballistics
39:17 Padded Archer Armor
41:42 Chatras
47:07 Imperial Age
45:46 Bodkin Arrow
47:54 Bracer
49:46 Chemistry
53:54 Imperial Skirmisher
54:12 Elite Battle Elephant
56:15 Forging
56:14 Scale Barding Armor
63:22 Iron Casting
63:04 Leather Archer Armor
64:21 Hand Cart
Connection lost

Rejoining the realm…

Still unreachable

The connection could not be restored.

Session expired

The server has moved on; the page needs a fresh start.